 Dungeon Crawl Stone Soup version 0.24.1-8-ga250c9d538 (webtiles) character file.

Game seed: 2785889628179795583, levelgen mode: deterministic

175 Peloso the Skirmisher (level 5, 17/41 HPs)
             Began as a Demonspawn Fighter on May 9, 2020.
             Got out of the dungeon alive.
             The game lasted 00:04:22 (2764 turns).

Peloso the Skirmisher (Demonspawn Fighter)          Turns: 2764, Time: 00:04:23

Health: 17/41      AC:  8    Str: 14 (17) XL:     5   Next: 29%
Magic:  5/5        EV:  7    Int:  9      God:
Gold:   174        SH: 12    Dex: 13      Spells: 4/4 levels left

rFire    . . .     SeeInvis .   a - +0 long sword
rCold    . . .     Gourm    .   c - +0 shield
rNeg     . . .     Faith    .   b - +0 scale mail
rPois    .         Spirit   .   (helmet restricted)
rElec    .         Reflect  .   e - +0 cloak
rCorr    .         Harm     .   (no gloves)
MR       .....                  (no boots)
Stlth    ..........             (no amulet)
HPRegen  0.13/turn              (no ring)
MPRegen  0.09/turn              (no ring)

@: no status effects
A: horns 1, large bone plates 1, rot immunity
a: no special abilities


You escaped.
You were hungry.

You visited 1 branch of the dungeon, and saw 4 of its levels.

You collected 174 gold pieces.

Inventory:

Hand Weapons
 a - a +0 long sword (weapon)
Armour
 b - a +0 scale mail (worn)
 c - a +0 shield (worn)
 e - a +0 cloak (worn)
Jewellery
 i - a cursed ring of attention {unknown}
Scrolls
 g - 8 scrolls of identify {unknown}
 h - a scroll of enchant armour {unknown}
 j - 3 scrolls of remove curse {unknown}
 l - 3 scrolls of amnesia {unknown}
 m - a scroll of fog {unknown}
 n - a scroll of magic mapping {unknown}
 o - 2 scrolls of teleportation {unknown}
 p - a scroll of random uselessness {unknown}
Potions
 d - a potion of might
 k - a potion of curing {unknown}
 q - a potion of mutation {unknown}
Comestibles
 f - 5 rations


   Skills:
 + Level 3.4 Fighting
 + Level 3.4 Long Blades
 + Level 3.4 Armour
 + Level 1.0 Dodging
 + Level 0.6 Stealth
 + Level 3.2 Shields


You had 4 spell levels left.
You didn't know any spells.
Your spell library was empty.

Dungeon Overview and Level Annotations

Branches:
Dungeon (4/15)
 Temple: D:4-7

Altars:


Innate Abilities, Weirdness & Mutations

You have a pair of small horns on your head.
You are partially covered in large bone plates. (SH +4)
You are immune to rotting.


Message History

You feel a little less mighty now.
(D) Dungeon
Where to? (Enter - D:1 @ (x,y), ? - help)
There is a stone staircase leading up here.
You climb upwards.
There is a stone staircase leading down here.
There is a stone staircase leading up here.
You climb upwards.
There is a stone staircase leading down here.
There is a stone staircase leading up here.
You climb upwards.
There is a stone staircase leading down here.
There is a fountain of clear blue water here.
There is a fountain of clear blue water here.
There is a fountain of clear blue water here.
There is a fountain of clear blue water here.
There is an escape hatch in the floor here.
There is a staircase leading out of the dungeon here.
Are you sure you want to leave the Dungeon?
This will make you lose the game!
You have escaped!

........................##.#.####
#...................###>.........
#......####.........###.####.###.
###.##..###.............## #.# ##
#.###..................# #.#
#.###..###############.# #.#
#.##...#.............#.# #.# #
#.#....#..........)..#.# #.####
###...#..#......@......#.# #.##..
.....###(#.............#.###.##.#
..>..###.#.............#.##..##.#
#..#.....######.>.######....##..#
..#####.......#...# #..........##
### #.......#.⌠.# #...##..####
#.......#...###...##..##### ###
#.......#.⌠.#..............
..#####.......#...###.##......÷..


There were no monsters in sight!

Vanquished Creatures
  An ogre (D:4)
  An adder skeleton (D:4)
  5 worms
  2 dart slugs
  2 leopard geckos
  3 orcs
  3 ball pythons
  3 giant cockroaches (D:2)
  6 goblins
  13 hobgoblins
  6 kobolds
  6 bats
  3 frilled lizards
  6 rats
60 creatures vanquished.

Notes
Turn   | Place    | Note
-------+----------+-------------------------------------------
     0 | D:1      | Peloso the Demonspawn Fighter began the quest for the Orb.
     0 | D:1      | Reached XP level 1. HP: 18/18 MP: 1/1
   140 | D:1      | Gained mutation: You are partially covered in large bone
                  | plates. (SH +4) [demonic ancestry]
   140 | D:1      | Reached XP level 2. HP: 14/24 MP: 2/2
   653 | D:2      | Reached XP level 3. HP: 27/29 MP: 3/3
  1938 | D:3      | Gained mutation: You are immune to rotting. [demonic
                  | ancestry]
  1938 | D:3      | Reached XP level 4. HP: 35/35 MP: 4/4
  2669 | D:4      | Noticed an ogre
  2679 | D:4      | Killed an ogre
  2679 | D:4      | Reached skill level 1 in Dodging
  2679 | D:4      | Gained mutation: You have a pair of small horns on your
                  | head. [demonic ancestry]
  2679 | D:4      | Reached XP level 5. HP: 6/41 MP: 5/5
  2764 | D:$      | Got out of the dungeon alive.

Levels and vault maps discovered:
D:1:      lemuel_arrival_hallway, layout_rooms
D:2:      layout_basic, first_ration
D:3:      layout_basic
D:4:      layout_basic, lightli_temple_of_fire, lemuel_blue_sif_altar

Skill      XL: |  1  2  3  4 |
---------------+-------------+-----
Long Blades    | 2 3 |  3.4
Armour         | 3 |  3.4
Shields        | 3 |  3.2
Dodging        | 1 |  1.0
Fighting       | |  3.4
Stealth        | |  0.6

Action                   |  1- 3 |  4- 6 || total
-------------------------+-------+-------++-------
Melee: Long sword        |   180 |    54 ||   234
  Use: Potion            |     4 |     1 ||     5
 Stab: Sleeping          |     1 |       ||     1
  Eat: Ration            |     1 |       ||     1
       Chunk             |       |     2 ||     2
Armor: Scale mail        |    74 |    12 ||    86
Dodge: Dodged            |    63 |     3 ||    66
Block: Shield            |   120 |    28 ||   148
       Rpst.: Long sword |    22 |     2 ||    24
